 Dungeon Crawl Stone Soup version 0.30.1-9-gdf580d7c3d (webtiles) character file.

Game seed: 6950526260180165498

4 H0rd4k the Charlatan (level 1, -1/15 HPs)
             Began as a Human Artificer on Oct 10, 2023.
             Slain by a ball python (3 damage)
             ... on level 1 of the Dungeon.
             The game lasted 00:00:15 (66 turns).

H0rd4k the Charlatan (Human Artificer)                Turns: 66, Time: 00:00:16

Health: -1/15      AC:  3    Str: 12    XL:     1   Next: 77%
Magic:  1/1        EV: 11    Int: 11    God:
Gold:   0          SH:  0    Dex: 13    Spells: 0/0 levels left

rFire   . . .        a - +0 club
rCold   . . .        (no shield)
rNeg    . . .        b - +0 leather armour
rPois   .            (no helmet)
rElec   .            (no cloak)
rCorr   .            (no gloves)
SInv    .            (no boots)
Will    .....        (no amulet)
Stlth   +            (no ring)
HPRegen 0.22/turn    (no ring)
MPRegen 0.07/turn

%: no passive effects
@: no status effects
A: no striking features
a: no special abilities


You were on level 1 of the Dungeon.
You visited 1 branch of the dungeon, and saw 1 of its levels.

Inventory:

Hand Weapons
 a - a +0 club (weapon)
Armour
 b - a +0 leather armour (worn)
Wands
 c - a wand of flame (15) (quivered)
 d - a wand of charming (15)
 e - a wand of iceblast (5)


   Skills:
 + Level 1.2 Fighting
 - Level 2.0 Armour
 + Level 1.0 Dodging
 - Level 1.0 Stealth
 + Level 3.2 Evocations


You couldn't memorise any spells.
You didn't know any spells.
Your spell library was empty.

Dungeon Overview and Level Annotations

Branches:
Dungeon (1/15)

Altars:


Message History

No target in view!
No target in view!
No target in view!
No target in view!
No target in view!
HP restored.
Found a faded altar of an unknown god.
Found a pair of gloves.
No target in view!
A quokka comes into view.
A quokka is nearby!
A quokka and a ball python come into view.
Found 10 gold pieces.
The ball python hisses angrily.
Found a scroll labelled IBBAZX FUNUDE.
The ball python barely misses you. The ball python grabs you.
The ball python constricts you.
You escape the ball python's grasp.
The quokka completely misses you. The ball python completely misses you.
The ball python misses you. The ball python bites you.
The ball python grabs you. The ball python constricts you.
The quokka bites you.
You escape the ball python's grasp.
The ball python closely misses you. The ball python grabs you.
The ball python constricts you.
You escape the ball python's grasp.
The quokka attacks as you move away! The quokka barely misses you.
The quokka attacks as you move away! The quokka bites you.
You barely miss the quokka. The quokka barely misses you. x2
You closely miss the quokka. The quokka closely misses you.
The quokka bites you.
You hit the quokka but do no damage. The quokka closely misses you.
You closely miss the quokka. The quokka bites you. x2
* * * LOW HITPOINT WARNING * * *
You closely miss the quokka. The quokka bites you.
* * * LOW HITPOINT WARNING * * *
You hit the quokka.
You kill the quokka!
The ball python closely misses you. x2
You hit the ball python but do no damage.
The ball python bites you.
You die...

................
........#.......#
.........[.......
.................
...........$.....
.................
........##.......
#..#.##.##.......
####. #...rS@..##.#
#<# #.#....###.# #
#.###......## # #.
+.'.#.#..#..# ...
###.###.....## #...
+#'.####...## #...#
##.#..##...###...#
#..###.....##...8...#
#..........###.._..##


You could see a quokka and a ball python.

Vanquished Creatures
  An endoplasm (D:1)
  A hobgoblin (D:1)
  A quokka (D:1)
  A frilled lizard (D:1)
4 creatures vanquished.

Notes
Turn   | Place    | Note
-------+----------+-------------------------------------------
     0 | D:1      | H0rd4k the Human Artificer began the quest for the Orb.
     0 | D:1      | Reached XP level 1. HP: 15/15 MP: 1/1
    34 | D:1      | Found a faded altar of an unknown god.
    66 | D:1      | Slain by a ball python

Illustrated notes

Levels and vault maps discovered:
D:1:      erik_arrival_triangle_small, layout_rooms, serial_shops,
          nicolae_shop_crystal, hellmonk_ecumenical_altar_crossroads,
          minmay_misc_feat_five, chequers_serial_rivers_large_b

Action                     || total
---------------------------++-------
  Melee: Club              ||    12
 Armour: Leather armour    ||     1
  Dodge: Dodged            ||    15
